[Event "ICC Open 2015"]
[Site "Internet Chess Club"]
[Date "2015.05.30"]
[Round "3"]
[White "jps7"]
[Black "Colombiano07"]
[Result "0-1"]
[ICCResult "White checkmated"]
[WhiteElo "1572"]
[BlackElo "1853"]
[Opening "King's Indian: East Indian defense"]
[ECO "A48"]
[NIC "QP.06"]
[Time "14:26:28"]
[TimeControl "180+0"]

1. d4 Nf6 2. Nf3 g6 3. Nc3 Bg7 4. e4 O-O 5. Be2 c5 6. d5 d6 7. h4 e6 8. Bg5
a6 9. Qd2 b5 10. O-O-O b4 11. Nb1 Nxe4 12. Qe3 Nxg5 13. hxg5 exd5 14. Rxd5
Bb7 15. Rd2 Nd7 16. Rh3 Qc7 17. Rd1 Ne5 18. Nxe5 dxe5 19. Rdh1 Bxg2 20. Rxh7
Bxh1 21. Rxh1 e4 22. Qh3 Rfd8 23. Bc4 Qf4+ 24. Qe3 Qxe3+ 25. fxe3 a5 26. Nd2
a4 27. Nxe4 b3 28. a3 bxc2 29. Kxc2 Rab8 30. Nf6+ Kf8 31. e4 Rb6 32. Bd5
Bxf6 33. gxf6 Rxf6 34. Kc3 Ke7 35. Kc4 Kd6 36. Rd1 Ke5 37. Rc1 Rfd6 38. Rg1
Rxd5 39. exd5 Rxd5 40. Rg5+ f5 41. Rxg6 Rd6 42. Rxd6 Kxd6 43. Kd3 Kd5 44.
Ke3 Kc4 45. Kf4 Kb3 46. Kxf5 Kxb2 47. Ke4 c4 48. Kd4 c3 49. Kc4 c2 50. Kb4
c1=Q 51. Kxa4 Qc4+ 52. Ka5 Kxa3 53. Kb6 Kb4 54. Kb7 Kb5 55. Kb8 Ka6 56. Ka8
Qc8# {White checkmated} 0-1

[Event "ICC Open 2015"]
[Site "Internet Chess Club"]
[Date "2015.05.30"]
[Round "3"]
[White "MasterZachary"]
[Black "terminado"]
[Result "1-0"]
[ICCResult "Black forfeits on time"]
[WhiteElo "2266"]
[BlackElo "1799"]
[Opening "Four knights: double Ruy Lopez"]
[ECO "C49"]
[NIC "KP.03"]
[Time "14:26:25"]
[TimeControl "180+0"]

1. e4 e5 2. Nf3 Nf6 3. Nc3 Nc6 4. Bb5 Bb4 5. O-O d6 6. d3 h6 7. Nd5 Bc5 8.
b4 Bb6 9. a4 a6 10. Bxc6+ bxc6 11. Ne3 O-O 12. Bb2 a5 13. b5 cxb5 14. axb5
Qe7 15. c4 Be6 16. Nd5 Bxd5 17. cxd5 Qd7 18. Qb3 Qg4 19. h3 Qh5 20. Qd1 g5
21. Nd2 g4 22. Nc4 Bc5 23. d4 exd4 24. Bxd4 Nxe4 25. Bxc5 Nxc5 26. hxg4 Qg5
27. f4 Qg7 28. Ne3 {Black forfeits on time} 1-0

[Event "ICC Open 2015"]
[Site "Internet Chess Club"]
[Date "2015.05.30"]
[Round "3"]
[White "JW"]
[Black "Neurisdr"]
[Result "1-0"]
[ICCResult "Black resigns"]
[WhiteElo "2523"]
[BlackElo "2899"]
[Opening "Sicilian defense"]
[ECO "B20"]
[NIC "SI.48"]
[Time "14:27:20"]
[TimeControl "180+0"]

1. e4 c5 2. d3 Nc6 3. Nd2 g6 4. g3 Bg7 5. Bg2 d6 6. f4 e6 7. Ngf3 Nge7 8.
O-O O-O 9. c3 b5 10. e5 d5 11. Nb3 c4 12. Nc5 Rb8 13. Be3 Nf5 14. Bf2 a5 15.
g4 Nfe7 16. a4 bxa4 17. dxc4 Rxb2 18. Nxa4 Rb8 19. Nc5 dxc4 20. Qa4 Qc7 21.
Qxc4 Nd5 22. Nd3 Ra8 23. Nc5 Nce7 24. Rfe1 Ba6 25. Qd4 Rfd8 26. Ng5 h6 27.
Ncxe6 fxe6 28. Nxe6 Qd7 29. Nxd8 Qxg4 30. h3 Qd7 31. Rxa5 Rxd8 32. Rxa6 Qc7
33. Ra8 {Black resigns} 1-0

[Event "ICC Open 2015"]
[Site "Internet Chess Club"]
[Date "2015.05.30"]
[Round "3"]
[White "WhitsellF"]
[Black "NAS"]
[Result "0-1"]
[ICCResult "White checkmated"]
[WhiteElo "1541"]
[BlackElo "1718"]
[Opening "Richter-Veresov attack"]
[ECO "D01"]
[NIC "QP.08"]
[Time "14:27:13"]
[TimeControl "180+0"]

1. d4 d5 2. Nc3 Nf6 3. Bg5 e6 4. Qd3 Be7 5. f3 Nbd7 6. O-O-O c5 7. e4 c4 8.
Qd2 O-O 9. e5 Ne8 10. Bxe7 Qxe7 11. g4 Nc7 12. h4 b5 13. a3 a5 14. a4 b4 15.
Nce2 b3 16. Nc3 Nb6 17. h5 Bd7 18. cxb3 cxb3 19. g5 Nxa4 20. Nxa4 Bxa4 21.
g6 h6 22. gxf7+ Rxf7 23. Bd3 Raf8 24. Bb1 Rf4 25. Qd3 R4f5 26. Qe3 Rf4 27.
Qd3 R4f5 28. Qe3 Bd7 29. Bxf5 Rxf5 30. Nh3 a4 31. Rdg1 Kh8 32. Nf4 Be8 33.
Ng6+ Bxg6 34. Rxg6 a3 35. bxa3 Qxa3+ 36. Kb1 Qa2+ 37. Kc1 Qc2#
{White checkmated}
0-1

[Event "ICC Open 2015"]
[Site "Internet Chess Club"]
[Date "2015.05.30"]
[Round "3"]
[White "Wahman"]
[Black "PITCHUS"]
[Result "1-0"]
[ICCResult "Black resigns"]
[WhiteElo "2157"]
[BlackElo "1875"]
[Opening "Caro-Kann defense"]
[ECO "B11"]
[NIC "CK.01"]
[Time "14:27:04"]
[TimeControl "180+0"]

1. e4 c6 2. Nc3 d5 3. d3 dxe4 4. dxe4 Qxd1+ 5. Nxd1 Nf6 6. f3 g6 7. Bd2 Bg7
8. Bc3 Nh5 9. Bxg7 Nxg7 10. Ne3 Ne6 11. O-O-O Nd7 12. Bc4 Nf4 13. g3 Nh5 14.
Ne2 a5 15. f4 b5 16. Bd3 Nc5 17. Nd4 Bd7 18. Rhe1 Nxd3+ 19. Rxd3 Nf6 20. e5
Ng4 21. Nxg4 Bxg4 22. Nxc6 a4 23. a3 Rc8 24. Nb4 O-O 25. Rd5 Rb8 26. c3 Rfd8
27. Re3 Kf8 28. Red3 Rxd5 29. Rxd5 Be2 30. Kd2 Bc4 31. Rd4 Ke8 32. Ke3 Rd8
33. Rxd8+ Kxd8 34. Kd4 Kd7 35. Kc5 Ke6 36. Nc6 f6 37. Nd4+ Kf7 38. Nxb5 Bxb5
39. Kxb5 fxe5 40. fxe5 Ke6 41. c4 Kxe5 42. c5 Kd5 43. c6 e6 44. c7
{Black resigns}
1-0

[Event "ICC Open 2015"]
[Site "Internet Chess Club"]
[Date "2015.05.30"]
[Round "3"]
[White "plotkin"]
[Black "DreamCrusher"]
[Result "1-0"]
[ICCResult "Black checkmated"]
[WhiteElo "2349"]
[BlackElo "1830"]
[Opening "Sicilian: Alapin's variation (2.c3)"]
[ECO "B22"]
[NIC "SI.46"]
[Time "14:26:13"]
[TimeControl "180+0"]

1. e4 c5 2. c3 e6 3. d4 cxd4 4. cxd4 d5 5. Nc3 dxe4 6. Nxe4 Nf6 7. Nxf6+
Qxf6 8. Nf3 h6 9. Bd3 Nc6 10. O-O Bd6 11. Be3 O-O 12. Rc1 Bd7 13. Re1 Rac8
14. h3 Rfd8 15. Bb1 Bb8 16. Qd3 g6 17. Bxh6 Qf5 18. Qxf5 exf5 19. Bg5 Re8
20. Bf6 Be6 21. a3 Bd5 22. Bd3 Bf4 23. Rxe8+ Rxe8 24. Re1 Rxe1+ 25. Nxe1 Bh6
26. b4 Bg7 27. Bxg7 Kxg7 28. Nc2 a6 29. f3 Kf6 30. Kf2 g5 31. Ke3 f4+ 32.
Kd2 Ke6 33. Kc3 f6 34. a4 Na7 35. Bc4 b5 36. axb5 axb5 37. Bd3 Nc6 38. Bxb5
Ne7 39. Bc4 Nf5 40. Bxd5+ Kxd5 41. Kd3 Nh4 42. b5 Nxg2 43. Nb4+ Kd6 44. b6
Nh4 45. Ke2 Nf5 46. d5 Ne7 47. Kd3 f5 48. Kc4 Ng6 49. Na6 Ne5+ 50. Kb5 Kxd5
51. b7 Nd7 52. Nc5 Nb8 53. Kb6 g4 54. fxg4 fxg4 55. hxg4 f3 56. Nd3 Ke4 57.
Nf2+ Ke3 58. Nh3 Ke2 59. g5 Kf1 60. g6 Kg2 61. g7 Kxh3 62. g8=Q f2 63. Qc8+
Kg2 64. Qg4+ Kh1 65. Qh3+ Kg1 66. Qg3+ Kh1 67. Qxf2 Nd7+ 68. Kc7 Nb8 69.
Qh4+ Kg2 70. Kxb8 Kf3 71. Kc8 Ke3 72. b8=Q Kd3 73. Qbf4 Ke2 74. Qfg3 Kf1 75.
Qh1+ Ke2 76. Qhh2+ Kf1 77. Qgg1# {Black checkmated} 1-0

[Event "ICC Open 2015"]
[Site "Internet Chess Club"]
[Date "2015.05.30"]
[Round "3"]
[White "Govindan"]
[Black "smoothg"]
[Result "0-1"]
[ICCResult "White forfeits on time"]
[WhiteElo "1558"]
[BlackElo "1834"]
[Opening "Robatsch (modern) defense"]
[ECO "B06"]
[NIC "KF.06"]
[Time "14:26:11"]
[TimeControl "180+0"]

1. e4 g6 2. Nf3 Bg7 3. Be2 c5 4. O-O e6 5. c3 a6 6. d3 Nc6 7. Nbd2 Nge7 8.
Nb3 O-O 9. Be3 d6 10. d4 cxd4 11. cxd4 d5 12. e5 Nf5 13. Bd3 Nxe3 14. fxe3
Bh6 15. Qe2 f6 16. Rf2 fxe5 17. Nxe5 Nxe5 18. Rxf8+ Qxf8 19. dxe5 Qb4 20.
Rf1 Bd7 21. Nd4 Qb6 22. b3 Qc7 23. Nf3 Bg7 24. Qb2 Qc5 25. Qd4 Rc8 26. Rd1
Qc3 27. Bb1 Bb5 28. Qxc3 Rxc3 29. e4 Bc6 30. exd5 Bxd5 31. Kf2 Bf8 32. Re1
Bc5+ 33. Kg3 b5 34. Kg4 a5 35. Ng5 Be7 36. Rf1 Rc7 37. Rf7 h6
{White forfeits on time}
0-1

[Event "ICC Open 2015"]
[Site "Internet Chess Club"]
[Date "2015.05.30"]
[Round "3"]
[White "Giantvin"]
[Black "a-man"]
[Result "1-0"]
[ICCResult "Black checkmated"]
[WhiteElo "1994"]
[BlackElo "1533"]
[Opening "Bogo-Indian defense"]
[ECO "E11"]
[NIC "QI.01"]
[Time "14:26:27"]
[TimeControl "180+0"]

1. d4 Nf6 2. c4 e6 3. Nf3 Bb4+ 4. Bd2 Bxd2+ 5. Qxd2 c5 6. d5 exd5 7. cxd5 b6
8. Nc3 Bb7 9. e4 O-O 10. Be2 Re8 11. e5 Nh5 12. g4 Nf6 13. exf6 Qxf6 14.
O-O-O d6 15. Qg5 Qxg5+ 16. Nxg5 Nd7 17. Bb5 Rad8 18. Nge4 Bc8 19. Nxd6 Re5
20. Nxc8 Rxc8 21. Bxd7 Rd8 22. Rhe1 f6 23. Rxe5 fxe5 24. Be6+ Kf8 25. d6 Ke8
26. Nb5 a6 27. Nc7+ Kf8 28. Bc4 Rc8 29. d7 Rb8 30. d8=Q+ Rxd8 31. Rxd8+ Ke7
32. Rd3 Kf6 33. h4 Kg6 34. Rd6# {Black checkmated} 1-0

[Event "ICC Open 2015"]
[Site "Internet Chess Club"]
[Date "2015.05.30"]
[Round "3"]
[White "Sc6"]
[Black "chessrex"]
[Result "1/2-1/2"]
[ICCResult "Game drawn by repetition"]
[WhiteElo "1741"]
[BlackElo "2143"]
[Opening "Philidor: Philidor counter-gambit, del Rio attack"]
[ECO "C41"]
[NIC "KP.08"]
[Time "14:26:16"]
[TimeControl "180+0"]

1. e4 e5 2. Nf3 d6 3. d4 f5 4. dxe5 fxe4 5. Ng5 d5 6. e6 Bc5 7. Nf7 Qf6 8.
Be3 d4 9. Bg5 Qf5 10. g4 Qxe6 11. Nxh8 Nc6 12. Bb5 Nf6 13. h3 Bd7 14. Nd2
O-O-O 15. Bc4 Nd5 16. Bxd8 Kxd8 17. Qe2 Ncb4 18. O-O-O b5 19. Bb3 d3 20.
Qxe4 dxc2 21. Bxc2 Nxc2 22. Qxc2 Nb4 23. Qxc5 Nd3+ 24. Kb1 Nxc5 25. Rhe1 Qg8
26. Ne4 Nxe4 27. Rxe4 Qxh8 28. Red4 Kc8 29. Rxd7 Kb7 30. Re7 Qf8 31. Rdd7
Qxf2 32. Rxc7+ Kb6 33. Rb7+ Kc5 34. Rbc7+ Kb6 35. Rb7+ Kc6 36. Rbc7+ Kd5 37.
Rcd7+ Kc6 38. Rc7+ Kb6 39. Rb7+ Kc5 40. Rbc7+ Kb6 {Game drawn by repetition}
1/2-1/2

[Event "ICC Open 2015"]
[Site "Internet Chess Club"]
[Date "2015.05.30"]
[Round "3"]
[White "Turlock"]
[Black "klodshans"]
[Result "0-1"]
[ICCResult "White forfeits on time"]
[WhiteElo "1811"]
[BlackElo "1604"]
[Opening "Queen's Pawn"]
[ECO "A41"]
[NIC "QO.17"]
[Time "14:26:56"]
[TimeControl "180+0"]

1. d4 d6 2. Bf4 g6 3. Nf3 Bg7 4. e3 Nc6 5. Be2 e5 6. Bg3 f5 7. c4 e4 8. Nfd2
Nf6 9. Nc3 Ne7 10. d5 c6 11. dxc6 bxc6 12. O-O O-O 13. Qc2 Be6 14. Rfd1 d5
15. b4 Qb6 16. Rab1 Rfd8 17. Na4 Qa6 18. Nc5 Qc8 19. Nxe6 Qxe6 20. Nb3 g5
21. Nc5 Qf7 22. a4 Ng6 23. h3 f4 24. exf4 gxf4 25. Bh2 Bh6 26. cxd5 cxd5 27.
Rd4 Kh8 28. Rbd1 Nh4 29. Bg4 Qg6 30. Ne6 Nxg4 31. hxg4 Qxg4 32. g3 Nf3+ 33.
Kg2 Nxd4 34. Nxd4 f3+ 35. Kg1 Rac8 36. Qd2 Qh3 37. Nxf3 exf3 38. Qd4+ Bg7
{White forfeits on time}
0-1

[Event "ICC Open 2015"]
[Site "Internet Chess Club"]
[Date "2015.05.30"]
[Round "3"]
[White "kingmate"]
[Black "motipen"]
[Result "1-0"]
[ICCResult "Black resigns"]
[WhiteElo "2587"]
[BlackElo "1934"]
[Opening "Pirc: classical, h3 system"]
[ECO "B07"]
[NIC "PU.07"]
[Time "14:26:38"]
[TimeControl "180+0"]

1. e4 d6 2. d4 Nf6 3. Nc3 g6 4. h3 Bg7 5. Nf3 O-O 6. Be3 c6 7. a4 Nbd7 8.
Be2 e5 9. dxe5 dxe5 10. Nd2 Qe7 11. Nc4 Nc5 12. Qd6 Qxd6 13. Nxd6 Ne6 14. a5
Nd4 15. Bd3 Rd8 16. Nxc8 Raxc8 17. O-O a6 18. Rfd1 Ne8 19. b3 Nc7 20. Na4
Nce6 21. Rab1 c5 22. Nb6 Rc6 23. Nd5 Kf8 24. c3 Nb5 25. Bxb5 axb5 26. c4 b4
27. Ra1 Nd4 28. Bxd4 exd4 29. f4 Re8 30. Re1 f6 31. Kf2 Kf7 32. g4 Bf8 33.
Kf3 Bd6 34. Ra2 g5 35. e5 fxe5 36. fxg5 Kg6 37. h4 Rf8+ 38. Ke4 Bb8 39. Ree2
Rf1 40. Rf2 Rxf2 41. Rxf2 Ra6 42. Rf5 Rxa5 43. h5+ Kg7 44. h6+ Kg8 45. Ne7+
{Black resigns}
1-0

[Event "ICC Open 2015"]
[Site "Internet Chess Club"]
[Date "2015.05.30"]
[Round "3"]
[White "Tut"]
[Black "NICO"]
[Result "1-0"]
[ICCResult "Black checkmated"]
[WhiteElo "3201"]
[BlackElo "2404"]
[Opening "Nimzo-Indian: Kmoch variation"]
[ECO "E20"]
[NIC "NI.30"]
[Time "14:26:52"]
[TimeControl "180+0"]

1. d4 Nf6 2. c4 e6 3. Nc3 Bb4 4. f3 c5 5. d5 Bxc3+ 6. bxc3 d6 7. e4 e5 8.
Ne2 O-O 9. g4 Ne8 10. Ng3 Qh4 11. Be3 a6 12. Qd2 h6 13. Bd3 Bd7 14. a4 Nc7
15. a5 Bc8 16. Rb1 Nd7 17. Ke2 Nf6 18. g5 Ng4 19. fxg4 Bxg4+ 20. Ke1 f5 21.
exf5 e4 22. Be2 Bf3 23. Bxf3 exf3 24. gxh6 Rae8 25. Kf2 Rxf5 26. Rxb7 Rfe5
27. Rxc7 Rxe3 28. Qxe3 Rxe3 29. Kxe3 Qxc4 30. Rxg7+ Kh8 31. Kxf3 Qxd5+ 32.
Ne4 Qd3+ 33. Kf4 d5 34. Nf6 Qd2+ 35. Kf5 Qf2+ 36. Ke6 Qe3+ 37. Kf7 Qxh6 38.
Rg8# {Black checkmated} 1-0

[Event "ICC Open 2015"]
[Site "Internet Chess Club"]
[Date "2015.05.30"]
[Round "3"]
[White "DarkThrone"]
[Black "Supermodel"]
[Result "1-0"]
[ICCResult "Black resigns"]
[WhiteElo "2416"]
[BlackElo "2249"]
[Opening "Benoni: four pawns attack"]
[ECO "A68"]
[NIC "BI.30"]
[Time "14:27:50"]
[TimeControl "180+0"]

1. d4 e6 2. c4 Nf6 3. Nc3 c5 4. d5 exd5 5. cxd5 d6 6. e4 g6 7. f4 Bg7 8. Nf3
O-O 9. Be2 Bg4 10. O-O Bxf3 11. Bxf3 Nbd7 12. Re1 Re8 13. Be3 a6 14. a4 Qa5
15. Bf2 Qb4 16. Qc2 Rac8 17. Bg3 h5 18. h3 b6 19. e5 dxe5 20. fxe5 Nxe5 21.
Rxe5 Qd4+ 22. Qf2 Rxe5 23. Qxd4 cxd4 24. Bxe5 dxc3 25. bxc3 Nd7 26. Bxg7
Kxg7 27. Rc1 Rc4 28. d6 Rxa4 29. Bc6 Ra2 30. Bxd7 Rd2 31. Bc8 Rxd6 32. Bxa6
Rd2 33. Rb1 Rc2 34. c4 {Black resigns} 1-0

[Event "ICC Open 2015"]
[Site "Internet Chess Club"]
[Date "2015.05.30"]
[Round "3"]
[White "reydelmambo"]
[Black "Biglittlefish"]
[Result "1-0"]
[ICCResult "Black checkmated"]
[WhiteElo "1984"]
[BlackElo "1321"]
[Opening "English opening: Agincourt variation"]
[ECO "A13"]
[NIC "QP.09"]
[Time "14:27:14"]
[TimeControl "180+0"]

1. Nf3 d5 2. c4 e6 3. b3 c6 4. Bb2 Nf6 5. e3 Be7 6. Nc3 Nbd7 7. Qc2 e5 8.
cxd5 cxd5 9. Nb5 e4 10. Nc7+ Kf8 11. Nxa8 exf3 12. Nc7 Bd6 13. Rc1 a6 14.
Nxa6 bxa6 15. Qxc8 Ke7 16. Qxd8+ Rxd8 17. gxf3 Ne5 18. Be2 Rd7 19. f4 Ng6
20. O-O Ne4 21. d3 Nc5 22. Bxg7 Ne6 23. Bb2 f6 24. f5 Ngf4 25. exf4 Nxf4 26.
Bf3 Nh3+ 27. Kh1 Ng5 28. Bg2 Bc5 29. f4 Nf7 30. Rxc5 d4 31. Re1+ Kf8 32. h3
Nh6 33. Rc8+ Kf7 34. Be4 Re7 35. Bd5+ Kg7 36. Rxe7+ Nf7 37. Rxf7+ Kh6 38.
Rh8 a5 39. Rhxh7# {Black checkmated} 1-0

[Event "ICC Open 2015"]
[Site "Internet Chess Club"]
[Date "2015.05.30"]
[Round "3"]
[White "patzenfeet"]
[Black "paulleon"]
[Result "1-0"]
[ICCResult "Black resigns"]
[WhiteElo "1565"]
[BlackElo "2044"]
[Opening "French: advance, Paulsen attack"]
[ECO "C02"]
[NIC "FR.03"]
[Time "14:27:37"]
[TimeControl "180+0"]

1. e4 e6 2. d4 d5 3. e5 c5 4. c3 Nc6 5. Nf3 Qb6 6. Be2 cxd4 7. cxd4 Bd7 8.
Nc3 Nh6 9. Bxh6 gxh6 10. O-O Be7 11. Qd2 O-O-O 12. a4 Rhg8 13. Nb5 Kb8 14.
a5 Nxa5 15. Rxa5 a6 16. Nd6 Bxd6 17. exd6 Qxd6 18. Ne5 Be8 19. Rfa1 f6 20.
Nf3 e5 21. dxe5 fxe5 22. Bxa6 e4 23. Nd4 bxa6 24. Rxa6 Qc5 25. Ra8+ Kc7 26.
Ne6+ Kd6 27. Nxc5 Rxa8 28. Rxa8 Kxc5 29. Rc8+ Kd6 30. Qb4+ Ke6 31. Qb6+ Ke5
32. Qb8+ Kd4 33. Rxe8 Rxe8 34. Qxe8 {Black resigns} 1-0

[Event "ICC Open 2015"]
[Site "Internet Chess Club"]
[Date "2015.05.30"]
[Round "3"]
[White "gmgattass"]
[Black "sakram07"]
[Result "1-0"]
[ICCResult "Black checkmated"]
[WhiteElo "2330"]
[BlackElo "1877"]
[Opening "French: Tarrasch, closed variation"]
[ECO "C05"]
[NIC "FR.16"]
[Time "14:27:11"]
[TimeControl "180+0"]

1. e4 e6 2. d4 d5 3. Nd2 Nf6 4. e5 Ne4 5. Bd3 Nxd2 6. Bxd2 c5 7. dxc5 Bxc5
8. Nf3 Nc6 9. O-O Bd7 10. c3 Qc7 11. Qe2 d4 12. Rac1 Qb6 13. b3 O-O 14. Qe4
g6 15. Ng5 dxc3 16. Qh4 h5 17. Ne4 Nxe5 18. Nf6+ Kg7 19. Nxh5+ gxh5 20. Qg5+
Ng6 21. Qh6+ Kg8 22. Bxg6 fxg6 23. Qxg6+ Kh8 24. Qxh5+ Kg8 25. Qg6+ Kh8 26.
Rxc3 e5 27. Qh5+ Kg7 28. Rg3+ Kf6 29. Rg6+ Ke7 30. Bg5+ Rf6 31. Qh7+ Ke8 32.
Rxf6 Qxf6 33. Bxf6 Be6 34. Rc1 b6 35. Rxc5 bxc5 36. Qe7# {Black checkmated}
1-0

[Event "ICC Open 2015"]
[Site "Internet Chess Club"]
[Date "2015.05.30"]
[Round "3"]
[White "Nos"]
[Black "JCarllsen"]
[Result "1-0"]
[ICCResult "Black resigns"]
[WhiteElo "2376"]
[BlackElo "1850"]
[Opening "Réti: King's Indian attack"]
[ECO "A05"]
[NIC "QP.11"]
[Time "14:27:03"]
[TimeControl "180+0"]

1. Nf3 Nf6 2. g3 g6 3. Bg2 Bg7 4. O-O O-O 5. c4 d6 6. Nc3 e5 7. b4 c6 8. b5
Nbd7 9. bxc6 bxc6 10. Ne1 Nb6 11. Bxc6 Rb8 12. d3 Bb7 13. Bxb7 Rxb7 14. e4
h6 15. Rb1 Qb8 16. Ba3 Rd8 17. Ng2 Bf8 18. Ne3 Kg7 19. Qc2 Be7 20. Rb3 h5
21. Rfb1 h4 22. Ncd5 Nfxd5 23. Nxd5 Bf8 24. Qb2 Rdd7 25. Nxb6 axb6 26. Rxb6
Rxb6 27. Qxb6 Qxb6 28. Rxb6 Ra7 29. Bxd6 Bxd6 30. Rxd6 Rxa2 31. gxh4 Kh6 32.
Kg2 Kh5 33. Kg3 f5 34. exf5 gxf5 35. Rd5 f4+ 36. Kf3 Kxh4 37. Rxe5 Rd2 38.
Rd5 Rd1 39. c5 Rc1 40. d4 Rc3+ 41. Kxf4 Kh3 42. Rd6 Kxh2 43. c6 Kg2 44. d5
Kxf2 45. Rd7 Rc4+ 46. Ke5 Ke3 47. c7 Re4+ 48. Kd6 Kd4 49. c8=Q Re3 50. Qc5+
{Black resigns}
1-0

[Event "ICC Open 2015"]
[Site "Internet Chess Club"]
[Date "2015.05.30"]
[Round "3"]
[White "aplusk"]
[Black "druskacik"]
[Result "1-0"]
[ICCResult "Black resigns"]
[WhiteElo "2872"]
[BlackElo "2449"]
[Opening "Trompowsky attack (Ruth, Opocenský opening)"]
[ECO "A45"]
[NIC "QP.07"]
[Time "14:26:53"]
[TimeControl "180+0"]

1. d4 Nf6 2. Bg5 Ne4 3. h4 c5 4. d5 Nxg5 5. hxg5 Qb6 6. Nd2 g6 7. e4 d6 8.
Nc4 Qc7 9. a4 Bg7 10. Nf3 h6 11. c3 hxg5 12. Rh2 Rxh2 13. Nxh2 Nd7 14. Ng4
Nf6 15. Nxf6+ Bxf6 16. Be2 Bd7 17. Bg4 O-O-O 18. Bxd7+ Qxd7 19. Qf3 Rh8 20.
Kd2 g4 21. Qf4 Rh5 22. Ne3 Rh4 23. g3 Rh5 24. Qxg4 Qxg4 25. Nxg4 Bg7 26. Ne3
Bh6 27. Ke2 Bxe3 28. Kxe3 Kd7 29. b4 cxb4 30. cxb4 Rh8 31. Rc1 Rh7 32. a5
Rh8 33. b5 Rc8 34. Rxc8 Kxc8 35. Kf4 f6 36. Kg4 Kd7 37. f4 Ke8 38. Kf3 Kf7
39. Ke3 b6 40. a6 g5 41. fxg5 fxg5 42. e5 Kg7 43. Ke4 Kg6 44. g4 Kg7 45.
exd6 exd6 46. Kf5 Kh6 47. Kf6 {Black resigns} 1-0

[Event "ICC Open 2015"]
[Site "Internet Chess Club"]
[Date "2015.05.30"]
[Round "3"]
[White "Piranha"]
[Black "hubbard"]
[Result "1-0"]
[ICCResult "Black checkmated"]
[WhiteElo "1753"]
[BlackElo "1386"]
[Opening "Sicilian: dragon, Yugoslav attack, 10.O-O-O"]
[ECO "B78"]
[NIC "SI.18"]
[Time "14:27:35"]
[TimeControl "180+0"]

1. e4 c5 2. Nf3 d6 3. d4 cxd4 4. Nxd4 Nf6 5. Nc3 g6 6. Be3 Bg7 7. f3 O-O 8.
Qd2 Nc6 9. Bc4 Bd7 10. O-O-O Rc8 11. Bb3 Ne5 12. Bg5 Rc5 13. Kb1 b5 14. h4
b4 15. Nce2 h5 16. g4 hxg4 17. f4 Nc4 18. Bxc4 Rxc4 19. e5 Ne4 20. Qe3 dxe5
21. fxe5 Nxg5 22. hxg5 Qc7 23. e6 fxe6 24. Nxe6 Bxe6 25. Qxe6+ Rf7 26. Rd7
Qc8 27. Rf1 Rxc2 28. Qxf7+ Kh7 29. Rh1# {Black checkmated} 1-0

[Event "ICC Open 2015"]
[Site "Internet Chess Club"]
[Date "2015.05.30"]
[Round "3"]
[White "A4-H5"]
[Black "centrepawn"]
[Result "1-0"]
[ICCResult "Black forfeits on time"]
[WhiteElo "1691"]
[BlackElo "1275"]
[Opening "Queen's pawn game"]
[ECO "D02"]
[NIC "QP.08"]
[Time "14:27:23"]
[TimeControl "180+0"]

1. d4 d5 2. Nf3 c6 3. g3 Bf5 4. Bg2 e6 5. O-O Be7 6. Nbd2 Nf6 7. c4 Nbd7 8.
Qb3 Qc7 9. Nh4 Bg6 10. Nxg6 hxg6 11. Re1 e5 12. dxe5 Nxe5 13. cxd5 cxd5 14.
e4 d4 15. h3 O-O 16. f4 Nc6 17. e5 Nh5 18. Kh2 Rad8 19. Ne4
{Black forfeits on time}
1-0

[Event "ICC Open 2015"]
[Site "Internet Chess Club"]
[Date "2015.05.30"]
[Round "3"]
[White "totus"]
[Black "oviwan68"]
[Result "1-0"]
[ICCResult "Black resigns"]
[WhiteElo "2315"]
[BlackElo "1947"]
[Opening "Pirc defense"]
[ECO "B07"]
[NIC "PU.04"]
[Time "14:27:06"]
[TimeControl "180+0"]

1. e4 d6 2. d4 Nf6 3. Nc3 g6 4. f3 c6 5. Be3 Nbd7 6. Qd2 b5 7. Nge2 Bb7 8.
g4 Nb6 9. Ng3 h5 10. g5 Nfd7 11. h4 b4 12. Nd1 a5 13. Nf2 Bg7 14. Bd3 Qc7
15. c3 c5 16. Rd1 O-O 17. O-O e6 18. Qe2 bxc3 19. bxc3 Na4 20. Rc1 c4 21.
Bb1 e5 22. f4 exd4 23. cxd4 c3 24. Bd3 Rfc8 25. Kh2 Nb2 26. Bb5 Bc6 27. Bxc6
Qxc6 28. f5 Qa4 29. f6 Bf8 30. Nxh5 Qxa2 31. Nf4 Qc4 32. Qg4 Rc7 33. h5 c2
34. hxg6 fxg6 35. Nxg6 Qf7 36. Nf4 Qh7+ 37. Kg3 Nb6 38. Rh1 Qd7 39. Qh5 Bg7
40. Qh7+ Kf8 41. Ng6+ Ke8 42. Qg8+ {Black resigns} 1-0

[Event "ICC Open 2015"]
[Site "Internet Chess Club"]
[Date "2015.05.30"]
[Round "3"]
[White "Lzmann"]
[Black "DANGEROUS-BEAST"]
[Result "0-1"]
[ICCResult "White resigns"]
[WhiteElo "1831"]
[BlackElo "2368"]
[Opening "Queen's pawn game"]
[ECO "A50"]
[NIC "QP.07"]
[Time "14:27:12"]
[TimeControl "180+0"]

1. d4 Nf6 2. c4 c6 3. Nc3 d5 4. cxd5 cxd5 5. Bg5 Ne4 6. Nxe4 dxe4 7. a3 h6
8. Bh4 Bf5 9. e3 Nc6 10. Bc4 g5 11. Bg3 e6 12. Ne2 Qa5+ 13. Nc3 Bg7 14. O-O
O-O 15. d5 Rad8 16. Qb3 Qc5 17. dxe6 Na5 18. exf7+ Kh7 19. Qb5 Qxc4 20. Qxa5
Qxf7 21. Rfd1 Rd3 22. Qxa7 Rfd8 23. Qb6 Qd7 24. Re1 h5 25. h4 gxh4 26. Bxh4
Rg8 27. Nb5 Bh3 28. g3 Qg4 29. Qxb7 Qf3 {White resigns} 0-1

[Event "ICC Open 2015"]
[Site "Internet Chess Club"]
[Date "2015.05.30"]
[Round "3"]
[White "Prof-chess"]
[Black "BlackHorse96"]
[Result "0-1"]
[ICCResult "White resigns"]
[WhiteElo "2700"]
[BlackElo "3286"]
[Opening "Alekhine's defense: Scandinavian variation"]
[ECO "B02"]
[NIC "AL.10"]
[Time "14:26:35"]
[TimeControl "180+0"]

1. e4 Nf6 2. Nc3 d5 3. exd5 Nxd5 4. Nf3 Nc6 5. d4 Bg4 6. Be2 e6 7. h3 Bh5 8.
O-O Be7 9. Ne4 O-O 10. c3 a6 11. Re1 Rc8 12. Ne5 Bxe2 13. Qxe2 Nxe5 14. dxe5
c5 15. c4 Nb4 16. Rd1 Qc7 17. Nd6 Bxd6 18. Rxd6 Nc6 19. Bf4 Nd4 20. Qe4 b5
21. Rxa6 bxc4 22. Rc1 Qb8 23. Rxc4 Qxb2 24. Be3 Qa1+ 25. Kh2 Ne2 26. f4 Qe1
27. Qf3 h5 28. Rxc5 Rxc5 29. Bxc5 h4 30. Bf2 Qd2 31. Be3 Qd3 32. Rd6 Qc4 33.
Rd2 Ng3 34. Rf2 Rd8 35. Qg4 Nf5 36. Qe2 Rd3 37. Rf3 Qe4 38. Qc2 Rxe3 39.
Qxe4 Rxe4 40. Kg1 Ng3 41. Ra3 Rxf4 {White resigns} 0-1

[Event "ICC Open 2015"]
[Site "Internet Chess Club"]
[Date "2015.05.30"]
[Round "3"]
[White "Rembrand"]
[Black "holderlin"]
[Result "0-1"]
[ICCResult "White resigns"]
[WhiteElo "2088"]
[BlackElo "1661"]
[Opening "King's Indian: orthodox, Aronin-Taimanov, 9.Ne1"]
[ECO "E98"]
[NIC "KI.03"]
[Time "14:26:51"]
[TimeControl "180+0"]

1. Nf3 Nf6 2. c4 g6 3. Nc3 Bg7 4. d4 d6 5. e4 O-O 6. Be2 e5 7. O-O Nc6 8. d5
Ne7 9. Ne1 Ne8 10. Be3 f5 11. f3 Kh8 12. a4 f4 13. Bf2 g5 14. a5 h5 15. b4
Ng6 16. Kh1 Nf6 17. c5 g4 18. cxd6 cxd6 19. Nb5 g3 20. Bg1 h4 21. Nxa7 h3
22. Nxc8 hxg2+ 23. Nxg2 Qxc8 24. Rc1 Qh3 25. Rc7 Nh5 26. Qc2 Rac8 27. Rc1
Rxc7 28. Qxc7 gxh2 29. Bf2 Ng3+ 30. Bxg3 fxg3 31. Qxd6 Nf4 32. Bf1 Rc8 33.
Rxc8+ Qxc8 34. Qc5 Qxc5 35. bxc5 Nh3 {White resigns} 0-1